 Dungeon Crawl Stone Soup version 0.24.0-123-gd5b16e6ec5 (webtiles) character file.

Game seed: 5385058802813258983, levelgen mode: deterministic

8880 Ponchio the Fighter (level 11, -7/74 HPs)
             Began as a Gargoyle Fighter on Jan 20, 2020.
             Was a Believer of the Shining One.
             Mangled by a two-headed ogre
             ... wielding a +0 giant club
              (16 damage)
             ... on level 11 of the Dungeon.
             The game lasted 00:29:36 (8966 turns).

Ponchio the Fighter (Gargoyle Fighter)              Turns: 8966, Time: 00:29:37

Health: -7/74      AC: 13    Str: 20    XL:     11   Next: 37%
Magic:  11/11      EV: 13    Int: 13    God:    the Shining One [**....]
Gold:   523        SH: 10    Dex: 11    Spells: 10/10 levels left

rFire    + . .     SeeInvis .   G - +7 morningstar of Oenomania {venom, Int+3}
rCold    + . .     Gourm    .   c - +0 shield
rNeg     + + +     Faith    .   B - +1 robe {rC+ rF+}
rPois    ∞         Spirit   .   (no helmet)
rElec    +         Reflect  .   (no cloak)
rCorr    +         Harm     +   (no gloves)
MR       .....                  u - +1 pair of boots
Stlth    +.........             t - amulet of harm
HPRegen  0.22/turn              e - ring of positive energy
MPRegen  0.12/turn              b - ring of resist corrosion

@: hasted, glowing, very quick
A: negative energy resistance 1, electricity resistance, unbreathing,
petrification resistance, rot immunity, AC +8
a: Divine Shield, Renounce Religion


You were on level 11 of the Dungeon.
You worshipped the Shining One.
The Shining One was pleased with you.
You were not hungry.

You visited 2 branches of the dungeon, and saw 13 of its levels.
You also visited: Sewer.

You collected 523 gold pieces.

Inventory:

Hand Weapons
 a - a +1 flail of venom
 G - the +7 morningstar of Oenomania (weapon) {venom, Int+3}
   (You found it on level 8 of the Dungeon)

   It poisons the flesh of those it strikes.
   It affects your intelligence (+3).
Armour
 c - a +0 shield (worn)
 u - a +1 pair of boots (worn)
 B - a +1 robe of resistance (worn)
Magical Staves
 v - an uncursed staff of death {unknown}
Jewellery
 b - a ring of resist corrosion (right hand)
 e - a ring of positive energy (left hand)
 t - an amulet of harm (around neck)
Wands
 i - a wand of digging (7)
 y - a wand of disintegration (14)
 z - a wand of flame (4)
 C - a wand of enslavement (1)
Scrolls
 g - a scroll of fear
 j - a scroll of identify
 o - 5 scrolls of remove curse
 q - 4 scrolls of teleportation
 w - 3 scrolls of amnesia
 x - 2 scrolls of fog
 F - a scroll of holy word
Potions
 d - 4 potions of might
 k - 5 potions of flight
 l - 8 potions of curing
 m - a potion of berserk rage
 n - 2 potions of agility
 p - a potion of resistance
 r - 2 potions of cancellation
 A - 2 potions of brilliance {unknown}
 E - a potion of invisibility {unknown}
Comestibles
 f - 20 rations


   Skills:
 - Level 11.5 Fighting
 - Level 10.4 Maces & Flails
 - Level 3.2 Armour
 * Level 6.5 Dodging
 + Level 7.0 Shields


You had 10 spell levels left.
You didn't know any spells.
Your spell library was empty.

Dungeon Overview and Level Annotations

Branches:
Dungeon (12/15)            Temple (1/1) D:5             Orc (0/2) D:11
  Sewer (visited)
   Lair: D:8-11

Altars:
Cheibriados
Elyvilon
Fedhas
Gozag
Nemelex Xobeh
Okawaru
Qazlal
Ru
Vehumet
Xom
Yredelemnul
The Shining One

Shops:
D:7 %   D:11 }


Innate Abilities, Weirdness & Mutations

You are resistant to torment.
Your stone body is resilient. (AC +8)
You are immune to poison.
You resist negative energy. (rN+)
You are resistant to electric shocks. (rElec)
You can survive without breathing.
You are immune to petrification.
You are immune to rotting.


Message History

You butcher the adder corpse.
h - a chunk of flesh You see here an adder skeleton.
Eat a chunk of flesh? (ye/n/q)
You eat the chunk of flesh.
This raw flesh tastes terrible.
You start resting.
Found a robe.
A shadow imp comes into view.
The two-headed ogre shouts in stereo!
The shadow imp shouts!
The two-headed ogre hits you with a +0 giant club!!
You block the two-headed ogre's attack.
There is an open door here.
You are too injured to fight recklessly!
The two-headed ogre barely misses you.
The two-headed ogre hits you with a +0 giant club!
* * * LOW HITPOINT WARNING * * *
There is an open door here.
You feel yourself speed up.
The two-headed ogre hits you with a +0 giant club!
You die...

###...O.#....#...#####'#####..
#.......#....#.............+
#.......######..#'#######..#
#.(.............#O÷.....# .#
#...............#.......# #
#...^..........5##......#
#................'......#
#..###########.O[#..>...#
#..#.........#.@.#+##...#
#.)#.........#......####..
#..'.........#......... ..
#..#'#########.........
#......................
#......................
#..........^...........
#......................
#................


You could see a two-headed ogre and a shadow imp.

Vanquished Creatures
  Erica (D:9)
  A two-headed ogre (D:11)
  An unseen horror (D:11)
  Pikel (D:5)
  An ugly thing (D:11)
  A manticore (D:12)
  Joseph (D:8)
  A troll (D:12)
  2 hippogriffs
  A shadow (D:11)
  Eustachio (D:6)
  A basilisk (shapeshifter) (D:8)
  Menkaure (D:5)
  An acid dragon (D:11)
  Duvessa (D:6)
  A water moccasin (shapeshifter) (D:8)
  A swamp drake (D:11)
  2 ice beasts (D:5)
  2 sky beasts
  3 orc warriors
  A necrophage (D:8)
  5 ogres
  2 centaurs
  A crocodile (D:9)
  A big kobold (Sewer)
  Blork the orc (D:4)
  4 bullfrogs
  A gnoll sergeant (D:9)
  Dowan (D:6)
  2 scorpions
  6 killer bees (D:9)
  4 wights (D:7)
  4 howler monkeys
  6 crimson imps
  A quasit (D:12)
  6 hounds
  2 jellies
  5 orc priests
  3 orc wizards
  4 iguanas
  7 worker ants
  2 hound skeletons (D:6)
  A howler monkey zombie (D:5)
  A howler monkey skeleton (D:8)
  7 gnolls
  12 adders
  3 river rats (Sewer)
  2 shadow imps
  3 oozes
  2 adder skeletons (D:5)
  3 worms
  A dart slug (D:1)
  8 leopard geckos
  27 orcs
  A ball python (D:5)
  8 giant cockroaches
  8 goblins
  8 hobgoblins
  11 jackals
  9 kobolds
  4 quokkas
  6 bats
  4 frilled lizards
  2 gnoll zombies (D:3)
  A jackal skeleton (D:5)
  A jackal zombie (D:6)
  A leopard gecko skeleton (D:4)
  2 quokka skeletons
  9 rats
239 creatures vanquished.

Vanquished Creatures (others)
  A slave (D:5)
  A centaur zombie (D:5)
  3 orcs (D:5)
5 creatures vanquished.

Grand Total: 244 creatures vanquished

Notes
Turn   | Place    | Note
-------+----------+-------------------------------------------
     0 | D:1      | Ponchio the Gargoyle Fighter began the quest for the Orb.
     0 | D:1      | Reached XP level 1. HP: 14/14 MP: 1/1
    17 | D:1      | Reached XP level 2. HP: 19/19 MP: 2/2
   433 | D:1      | Reached XP level 3. HP: 24/24 MP: 3/3
   434 | D:1      | Reached skill level 4 in Fighting
   786 | D:2      | Reached XP level 4. HP: 26/30 MP: 4/4
   959 | D:2      | Noticed a sky beast
   985 | D:2      | Killed a sky beast
   985 | D:2      | Reached skill level 5 in Fighting
   985 | D:2      | Reached XP level 5. HP: 9/35 MP: 5/5
  1483 | D:2      | Found a blossoming altar of Fedhas.
  1587 | D:2      | Found a faded altar of an unknown god.
  1735 | D:3      | Reached XP level 6. HP: 39/40 MP: 6/6
  2069 | D:3      | Found an iron altar of Okawaru.
  2135 | D:3      | Found a stormy altar of Qazlal.
  2239 | D:3      | Found a basalt altar of Yredelemnul.
  2353 | D:4      | Reached skill level 6 in Fighting
  2408 | D:4      | Reached skill level 5 in Maces & Flails
  2429 | D:4      | Noticed Blork the orc
  2451 | D:4      | Killed Blork the orc
  2509 | D:4      | Reached XP level 7. HP: 30/47 MP: 7/7
  2623 | D:4      | Found a glowing drain.
  2653 | Sewer    | Entered a sewer
  2965 | Sewer    | Found a white marble altar of Elyvilon.
  3108 | D:4      | Reached skill level 7 in Fighting
  3451 | D:5      | Entered Level 5 of the Dungeon
  3475 | D:5      | Reached XP level 8. HP: 45/53 MP: 8/8
  3491 | D:5      | Noticed Menkaure
  3502 | D:5      | Killed Menkaure
  3714 | D:5      | Reached skill level 8 in Fighting
  3716 | D:5      | Noticed Pikel
  3734 | D:5      | Killed Pikel
  3823 | D:5      | Reached skill level 9 in Fighting
  3833 | D:5      | Found a staircase to the Ecumenical Temple.
  4032 | Temple   | Entered the Ecumenical Temple
  4036 | Temple   | Became a worshipper of the Shining One
  4117 | D:6      | Reached XP level 9. HP: 60/60 MP: 9/9
  4568 | D:6      | Noticed Duvessa
  4570 | D:6      | Noticed Dowan
  4575 | D:6      | Noticed Eustachio
  4581 | D:6      | Killed Duvessa
  4585 | D:6      | Killed Dowan
  4616 | D:6      | Killed Eustachio
  4616 | D:6      | Reached skill level 10 in Fighting
  4818 | D:6      | Found a sacrificial altar of Ru.
  5022 | D:7      | Found Qies's Food Emporium.
  5071 | D:7      | Reached * piety under the Shining One
  5214 | D:7      | Found a sacrificial altar of Ru.
  5334 | D:7      | Found a white marble altar of Elyvilon.
  5603 | D:8      | Noticed Joseph
  5697 | D:8      | Reached skill level 11 in Fighting
  5788 | D:8      | Reached XP level 10. HP: 69/69 MP: 10/10
  6041 | D:8      | Found a shimmering altar of Xom.
  6042 | D:8      | Found a shimmering altar of Xom.
  6043 | D:8      | Found a shimmering altar of Xom.
  6052 | D:8      | Killed Joseph
  6052 | D:8      | Reached skill level 10 in Maces & Flails
  6053 | D:8      | Found a shimmering altar of Xom.
  6061 | D:8      | Found a shimmering altar of Xom.
  6446 | D:8      | Got an iridescent morningstar
  6447 | D:8      | Identified the +7 morningstar of Oenomania {venom, Int+3}
                  | (You found it on level 8 of the Dungeon)
  6726 | D:9      | Reached skill level 1 in Dodging
  6983 | D:9      | Found a snail-covered altar of Cheibriados.
  7009 | D:9      | Found an opulent altar of Gozag.
  7011 | D:9      | Found a sparkling altar of Nemelex Xobeh.
  7113 | D:9      | Noticed Erica
  7139 | D:9      | Killed Erica
  7720 | D:10     | Entered Level 10 of the Dungeon
  7824 | D:10     | You fall into a shaft and drop 2 floors!
  7867 | D:12     | Noticed a manticore
  7876 | D:12     | Reached skill level 5 in Shields
  7884 | D:12     | Killed a manticore
  8025 | D:12     | Noticed a seven-headed hydra
  8025 | D:12     | Reached ** piety under the Shining One
  8042 | D:12     | Noticed an ogre mage
  8048 | D:11     | Noticed a brown ugly thing
  8050 | D:11     | Noticed an unseen horror
  8054 | D:11     | Killed a brown ugly thing
  8054 | D:11     | Reached skill level 5 in Dodging
  8054 | D:11     | Reached XP level 11. HP: 35/74 MP: 11/11
  8066 | D:11     | Killed an unseen horror
  8375 | D:11     | Found Mooleska's Gadget Shoppe.
  8399 | D:11     | Noticed a two-headed ogre
  8424 | D:11     | Killed a two-headed ogre
  8684 | D:11     | Found a staircase to the Orcish Mines.
  8770 | D:11     | Noticed a two-headed ogre
  8966 | D:11     | Mangled by a two-headed ogre

Levels and vault maps discovered:
D:1:      scummos_arrival_simple_crosswalls, layout_loops_ring
D:2:      layout_basic, fedhas_altar_1, chequers_ecumenical_altar_simple,
          first_ration
D:3:      layout_rooms, nicolae_qazlal_general_emergency,
          lemuel_zombie_altar_yredelemnul, lemuel_coloured_pillars_altar
D:4:      layout_loops_ring, portal_sewer_entry_f, minmay_quadrilaterals,
          uniq_blork_the_orc
D:5:      layout_rooms, minmay_temple_entry_stoned_glass, uniq_menkaure,
          uniq_pikel
D:6:      layout_loops_corners, nicolae_ru_the_path_less_chosen, uniq_duvessa,
          uniq_eustachio
D:7:      layout_rooms, overflow_temple_1_default, lemuel_round_altar,
          serial_shops, shop
D:8:      layout_gridville, xom_shifter_show, uniq_joseph
D:9:      layout_basic, grunt_temple_overflow_open, uniq_erica
D:10:     layout_irregular_city, erik_lair_dragon,
          hangedman_little_slice_of_home
D:11:     layout_irregular_city, erik_orc_1, gammafunk_ghost_hydra_chop,
          serial_shops, nicolae_shop_statue_plus, hangedman_decor_points
D:12:     layout_long_grid, ploomutoo_gammafunk_ghost_potion_laboratory,
          minmay_circle_x, uniq_rupert
Temple:   nicolae_temple_hex_pool

Skill      XL: |  1  2  3  4  5  6  7  8  9 10 11 |
---------------+----------------------------------+-----
Fighting       | 4 5 6 7 9 11 | 11.5
Maces & Flails | 3 4 5 6 8 9 10 | 10.4
Dodging        | 5 6 |  6.5
Shields        | 6 7 |  7.0
Armour         | |  3.2

Action                   |  1- 3 |  4- 6 |  7- 9 | 10-12 || total
-------------------------+-------+-------+-------+-------++-------
Melee: Flail             |   133 |   184 |   382 |    32 ||   731
       Morningstar       |       |       |       |   135 ||   135
Evoke: Wand              |       |       |       |     1 ||     1
  Use: Scroll            |       |     6 |     9 |     5 ||    20
       Potion            |       |     4 |       |     4 ||     8
 Stab: Sleeping          |       |       |     2 |       ||     2
  Eat: Chunk             |       |     5 |     8 |     7 ||    20
       Ration            |       |       |     1 |     1 ||     2
Armor: Scale mail        |    95 |    90 |       |       ||   185
       Robe              |       |     7 |   145 |    67 ||   219
Dodge: Dodged            |    58 |    50 |    94 |    66 ||   268
Block: Shield            |    88 |    76 |   155 |   108 ||   427
